 Dungeon Crawl Stone Soup version 0.23-a0-473-gc8aadda (webtiles) character file.

22 theanonym the Magician (level 2, 0/23 HPs)
             Began as a Mummy Warper on Nov 27, 2018.
             Slain by a gnoll
             ... wielding a +0 spear
              (5 damage)
             ... on level 1 of the Dungeon.
             The game lasted 00:01:11 (1133 turns).

theanonym the Magician (Mummy Warper)               Turns: 1133, Time: 00:01:13

Health: 0/23       AC:  3    Str: 14    XL:     2   Next: 68%
Magic:  5/5        EV: 11    Int: 12    God:
Gold:   25         SH:  0    Dex: 11    Spells: 6/6 levels left

rFire    x . .     SeeInvis .   a - +0 short sword
rCold    + . .     Gourm    .   (no shield)
rNeg     + + +     Faith    .   b - +0 leather armour
rPois    ∞         Spirit   .   (no helmet)
rElec    .         Reflect  .   (no cloak)
rCorr    .         Harm     .   (no gloves)
MR       .....                  (no boots)
Stlth    +.........             (no amulet)
HPRegen  0.07/turn              (no ring)
MPRegen  0.09/turn              (no ring)

@: heavily drained
A: no food or potions, fire vulnerability, cold resistance 1, negative energy
resistance 3, torment resistance, unbreathing
a: no special abilities


Innate Abilities, Weirdness & Mutations

You do not eat or drink.
Your flesh is vulnerable to fire.
You are immune to poison.
Your flesh is cold resistant. (rC+)
You are immune to negative energy. (rN+++)
You are immune to unholy pain and torment.
You can survive without breathing.


   Skills:
 + Level 2.4(1.0) Fighting
 * Level 2.4(0.9) Short Blades
 - Level 0.7(0.0) Throwing
 - Level 0.7(0.0) Armour
 - Level 1.5(0.1) Dodging
 - Level 2.6(1.2) Spellcasting
   Level 2.4(0.9) Translocations


You had 6 spell levels left.
You didn't know any spells.
Your spell library contained the following spells:

 Spells                   Type           Power        Failure   Level  Hunger
 Blink                    Tloc           N/A          36%         2    N/A
 Shroud of Golubria       Chrm/Tloc      #.........   43%         2    N/A
 Gell's Gravitas          Tloc           #.........   58%         3    N/A
 Lesser Beckoning         Tloc           #.........   58%         3    N/A
 Teleport Other           Tloc           #.......     58%         3    N/A
 Passage of Golubria      Tloc           N/A          94%         4    N/A

Skill      XL: |  1 |
---------------+----+-----
Short Blades   | 2 |  2.4
Fighting       | |  2.4
Throwing       | |  0.7
Armour         | |  0.7
Dodging        | |  1.5
Spellcasting   | |  2.6
Translocations | |  2.4

Action                   || total
-------------------------++-------
Melee: Short sword       ||    97
  Use: Scroll            ||     1
Armor: Leather armour    ||    25
Dodge: Dodged            ||    59

Inventory:

Hand Weapons
 a - a +0 short sword (weapon)
Missiles
 e - 5 tomahawks of dispersal (quivered)
Armour
 b - a +0 leather armour (worn)
Scrolls
 c - a scroll of amnesia {unknown}
 B - a scroll of blinking


You were on level 1 of the Dungeon.
You were not hungry.

You visited 1 branch of the dungeon, and saw 1 of its levels.

You collected 25 gold pieces.

Dungeon Overview and Level Annotations

Branches:
Dungeon (1/15)

Altars:

..# #.# ..# #.# ..#
#######.####### ..#
#####.............# ..#
#..............##.#
..#####.###.#####.##.##.#
#†............# #g##.##.#
..#####.###.#.###s##.##.#
†## #.# #.#...@.##)##.#
.######.# #.#.######.##.#
........# #.#.# #.##.#
.######## #.#.######.##.#
.# #>............#
.############.######.####
..............# #.##
##÷)#########.# #..#
###.####### #.## ##.#


You could see a gnoll and a giant cockroach.

Notes
Turn   | Place    | Note
-------+----------+-------------------------------------------
     0 | D:1      | theanonym the Mummy Warper began the quest for the Orb.
     0 | D:1      | Reached XP level 1. HP: 16/16 MP: 4/4
    11 | D:1      | HP: 8/16 [goblin/+0 dagger (2)]
   535 | D:1      | Reached skill level 2 in Short Blades
   541 | D:1      | Reached XP level 2. HP: 16/22 MP: 5/5
   618 | D:1      | HP: 11/22 [jackal (3)]
   626 | D:1      | HP: 10/22 [kobold/+0 whip of freezing (1)]
  1103 | D:1      | HP: 9/23 [gnoll/+0 spear (6)]
  1122 | D:1      | HP: 4/23 [gnoll/+0 spear (6)]
  1133 | D:1      | Slain by a gnoll

Vanquished Creatures
  A dart slug (D:1)
  2 bats (D:1)
  4 goblins (D:1)
  3 hobgoblins (D:1)
  2 jackals (D:1)
  A ball python (D:1)
  A frilled lizard (D:1)
  4 kobolds (D:1)
18 creatures vanquished.

Table legend:
 A = Turns spent in this place as a percentage of turns spent in the entire game.
 B = Non-inter-level travel turns spent in this place as a percentage of non-inter-level travel turns spent in the entire game.
 C = Inter-level travel turns spent in this place as a percentage of turns spent in this place.
 D = Turns resting spent in this place as a percentage of non-inter-level travel turns spent in this place.
 E = Turns spent auto-exploring this place as a percentage of non-inter-level travel turns spent in this place.
 F = Non-inter-level travel turns spent in this place divided by the number of levels of this place that you've seen.
                   A       B       C       D       E      F
               +-------+-------+-------+-------+-------+----------------------
         Total | 100.0 | 100.0 |   0.0 |  54.5 |  29.6 | 1133.0
       Dungeon | 100.0 | 100.0 |   0.0 |  54.5 |  29.6 | 1133.0
               +-------+-------+-------+-------+-------+----------------------
